 Dungeon Crawl Stone Soup version 0.19-a0-2013-g488b080 (webtiles) character file.

212 HarryHood the Skirmisher (level 5, -1/54 HPs)
             Began as a Gargoyle Berserker on Jan 14, 2017.
             Was a Priest of Trog.
             Killed by nerve-wracking pain
             ... invoked by an orc priest
              (5 damage)
             ... on level 4 of the Dungeon.
             The game lasted 00:09:30 (2076 turns).

HarryHood the Skirmisher (Gargoyle Berserker)       Turns: 2076, Time: 00:09:30

Health: -1/54      AC: 13    Str: 26    XL:     5   Next: 90%
Magic:  5/5        EV: 10    Int:  7    God:    Trog [***...]
Gold:   230        SH:  0    Dex: 10    Spells: 4/4 levels left

rFire  + + .     SeeInvis .     k - +0 flail
rCold  x . .     Faith    .     h - +1 fire dragon scales
rNeg   + . .     Spirit   .     (no shield)
rPois  ∞         Reflect  .     (no helmet)
rElec  +                        (no cloak)
rCorr  .                        (no gloves)
MR     .....                    (no boots)
Stlth  ..........               g - amulet of regeneration
                                (no ring)
                                (no ring)

@: berserking (expiring), very quick
A: negative energy resistance 1, electricity resistance, unbreathing,
petrification resistance, rot immunity, AC +4
a: Berserk, Trog's Hand, Burn Spellbooks, Renounce Religion


You were on level 4 of the Dungeon.
You worshipped Trog.
Trog was most pleased with you.
You were not hungry.

You visited 1 branch of the dungeon, and saw 4 of its levels.

You collected 230 gold pieces.

Inventory:

Hand Weapons
 k - a +0 flail (weapon)
Armour
 h - +1 fire dragon scales (worn)
 l - a +0 plate armour
Jewellery
 g - an amulet of regeneration (around neck)
Scrolls
 d - a scroll of fog
 i - a scroll of teleportation {@r0}
Potions
 a - a potion of cure mutation
 b - a potion of cancellation
 c - a potion of haste
 e - a potion of curing {@q2}
 f - a potion of magic
 j - a potion of brilliance


   Skills:
 - Level 6.0 Fighting
 * Level 4.4 Maces & Flails
 - Level 2.1 Armour
 - Level 1.5 Dodging


You had 4 spell levels left.
You didn't know any spells.

Dungeon Overview and Level Annotations

Branches:
Dungeon (4/15)
 Temple: D:4-7         Lair: D:-1         Crypt: Vaults:-1     Tomb: Vaults:-1

Altars:
Cheibriados
Elyvilon
Qazlal
Sif Muna
Trog
Yredelemnul


Innate Abilities, Weirdness & Mutations

You are resistant to torment.
Your stone body is resilient. (AC +4)
You are immune to poison.
You resist negative energy. (rN+)
You are resistant to electric shocks. (rElec)
You can survive without breathing.
You are immune to petrification.
You are immune to rotting.


Message History

You sock the orc wizard (16)!
You feel the power of Trog in you as your rage grows.
You kill the orc wizard!
Trog accepts your kill.
Trog appreciates your killing of a magic user.
The centaur skeleton hits you but does no damage.
The centaur skeleton closely misses you.
The orc hits you with a +0 dagger (1).
* * * LOW HITPOINT WARNING * * *
Things that are here:
a +0 flail; a +0 leather armour You hit the centaur skeleton (3).
The centaur skeleton is heavily damaged.
The orc priest closely misses you.
The centaur skeleton hits you but does no damage.
The orc priest closely misses you.
The centaur skeleton hits you but does no damage.
The orc priest invokes the aid of Beogh against you.
Pain shoots through your body!
You die...

.. # #.
#.#. #.#. #
#... ##
##.#.#. .#
......[##o#
###...o@.#
#..<..#Zo.#
#.###.....#
##.#..#
#.#<.#
.........#
.........#
...##.....
... .......


You could see 2 orc priests, an orc and a centaur skeleton.

Vanquished Creatures
  A hound (D:4)
  An orc wizard (D:4)
  4 gnolls
  4 adders
  2 dart slugs (D:1)
  2 leopard geckos
  An orc (D:4)
  A giant cockroach (D:1)
  12 goblins
  5 hobgoblins
  4 jackals (D:3)
  15 bats
  5 frilled lizards
  7 kobolds
  12 rats
76 creatures vanquished.

Notes
Turn   | Place    | Note
-------+----------+-------------------------------------------
     0 | D:1      | HarryHood the Gargoyle Berserker began the quest for the Orb.
     0 | D:1      | Reached XP level 1. HP: 14/14 MP: 1/1
   309 | D:1      | Reached XP level 2. HP: 20/20 MP: 2/2
   317 | D:1      | Reached skill level 4 in Fighting
   355 | D:1      | Reached XP level 3. HP: 8/24 MP: 3/3
   957 | D:1      | Reached skill level 5 in Fighting
  1039 | D:2      | Reached ** piety under Trog
  1043 | D:2      | Reached XP level 4. HP: 31/31 MP: 4/4
  1074 | D:2      | Found a basalt altar of Yredelemnul.
  1273 | D:2      | HP: 3/32 [gnoll/+0 flail (8)]
  1276 | D:2      | HP: 1/32 [gnoll/+0 flail (4)]
  1281 | D:2      | HP: 1/32 [gnoll/+0 flail (3)]
  1282 | D:2      | Reached skill level 6 in Fighting
  1434 | D:2      | Reached XP level 5. HP: 36/36 MP: 5/5
  1520 | D:3      | Found a white marble altar of Elyvilon.
  1715 | D:3      | Found a bloodstained altar of Trog.
  1788 | D:3      | Found a stormy altar of Qazlal.
  1953 | D:3      | Found a deep blue altar of Sif Muna.
  1960 | D:3      | Found a snail-covered altar of Cheibriados.
  2066 | D:4      | Reached skill level 4 in Maces & Flails
  2068 | D:4      | HP: 2/54 [orc priest/divine providence (11)]
  2073 | D:4      | Reached *** piety under Trog
  2074 | D:4      | HP: 3/54 [orc/+0 dagger (1)]
  2076 | D:4      | Killed from afar by an orc priest

Vault maps used:
D:1:      elethiomel_arrival_maze
D:2:      yredelemnul_altar_generic
D:3:      lemuel_doored_altar, overflow_temple_1_default,
          nicolae_overflow_hidden_temple, trog_book
D:4:      uniq_crazy_yiuf_cottage

Skill      XL: |  1  2  3  4  5 |
---------------+----------------+-----
Fighting       | 4 5 6 |  6.0
Maces & Flails | 4 |  4.4
Armour         | |  2.1
Dodging        | |  1.5

Action                   |  1- 3 |  4- 6 || total
-------------------------+-------+-------++-------
Melee: Mace              |    88 |    49 ||   137
       Flail             |       |    91 ||    91
Invok: Berserk           |     2 |     2 ||     4
       Burn Spellbooks   |       |     1 ||     1
  Use: Scroll            |     1 |       ||     1
Armor: Animal skin       |    69 |       ||    69
       Fire dragon scale |    13 |   112 ||   125
Dodge: Dodged            |    98 |   121 ||   219
